 Dungeon Crawl Stone Soup version 0.31-a0-229-g1fc7ce93e2 (webtiles) character file.

Game seed: 8656550769176011107

248 Zonian the Shooter (level 5, 0/32 HPs)
             Began as a Deep Elf Hunter on July 7, 2023.
             Was an Initiate of Ashenzari.
             Slain by a mummy (19 damage)
             ... in an ossuary.
             The game lasted 00:08:35 (3030 turns).

Zonian the Shooter (Deep Elf Hunter)                Turns: 3030, Time: 00:08:36

Health: 0/32       AC:  2    Str:  8    XL:     5   Next: 86%
Magic:  7/7        EV: 13    Int: 14    God:    Ashenzari [......]
Gold:   158        SH:  0    Dex: 20    Spells: 4/4 levels left

rFire   . . .        a - +0 shortbow
rCold   + . .        (shield currently unavailable)
rNeg    . . .        c - +0 leather armour
rPois   .            (no helmet)
rElec   .            n - +0 cloak "Gaze Upon Infinity" {Self, Alch} (curse)
rCorr   .            (no gloves)
SInv    .            (no boots)
Will    .....        (no amulet)
Stlth   +++          e - ring of protection from cold
HPRegen 0.25/turn    (no ring)
MPRegen 0.10/turn

%: no passive effects
@: marked
A: deformed body
a: Renounce Religion, Shatter the Chains


You were in an ossuary.
You worshipped Ashenzari.
Ashenzari was noncommittal.
You visited 1 branch of the dungeon, and saw 4 of its levels.
You also visited: Ossuary.

You collected 158 gold pieces.

Inventory:

Hand Weapons
 a - a +0 shortbow (weapon)
 b - a +2 hand axe of electrocution
 q - a +0 dagger
Missiles
 k - 12 poisoned darts
 l - 5 javelins
Armour
 c - a +0 leather armour (worn)
 i - a scarf of shadows
 n - the cursed +0 cloak "Gaze Upon Infinity" (worn) {Self, Alch}
   (You found it on level 1 of the Dungeon)

   It has a curse which improves the following skills: Introspection: Fighting
   and Spellcasting.
   Alchemy:   Poison Magic and Transmutations.
Jewellery
 e - a ring of protection from cold (left hand)
Wands
 r - a wand of digging (6)
 x - a wand of flame (18)
Scrolls
 j - 2 scrolls of fog {unknown}
 o - a scroll of teleportation {unknown}
 s - a scroll of blinking {unknown}
 t - a scroll of fear {unknown}
 u - 2 scrolls of immolation {unknown}
 w - 3 scrolls of noise
Potions
 g - a potion of mutation
 h - a potion of ambrosia
 m - a potion of cancellation
 p - a potion of curing
 v - a potion of berserk rage


   Skills:
 + Level 2.9(3.2) Fighting
 + Level 6.5 Ranged Weapons
 + Level 4.2 Dodging
 + Level 3.9 Stealth


You had 4 spell levels left.
You didn't know any spells.
Your spell library was empty.

Dungeon Overview and Level Annotations

Branches:
Dungeon (4/15)            Ossuary (1/1)
 Temple: D:4-7

Altars:
Ashenzari
Kikubaaqudgha
Qazlal
Ru

Annotations:
D:3 Ijyb


Innate Abilities, Weirdness & Mutations

Armour fits poorly on your strangely shaped body.


Message History

Unknown command.
Fire: a) +0 shortbow
Press: ? - help, Q - select action, (/) - cycle Shift-Dir - straight line, f - mummy
Aim: a mummy (79% to hit)
You shoot an arrow. The arrow barely misses the mummy.
Unknown command.
Fire: a) +0 shortbow
Press: ? - help, Q - select action, (/) - cycle Shift-Dir - straight line, f/p - mummy
Aim: a mummy (79% to hit)
You shoot an arrow. The arrow hits the mummy!
The mummy is heavily damaged.
Unknown command.
Fire: a) +0 shortbow
Press: ? - help, Q - select action, (/) - cycle Shift-Dir - straight line, f/p - mummy
Aim: a mummy (heavily damaged, 79% to hit)
You shoot an arrow. The arrow hits the mummy.
The mummy is severely damaged.
Unknown command.
Fire: a) +0 shortbow
Press: ? - help, Q - select action, (/) - cycle Shift-Dir - straight line, f/p - mummy
Aim: a mummy (severely damaged, 79% to hit)
You shoot an arrow. The arrow hits the mummy.
You destroy the mummy!
The mummy hits you!
Unknown command.
Fire: a) +0 shortbow
Press: ? - help, Q - select action, (/) - cycle Shift-Dir - straight line, f - mummy
Aim: a mummy (79% to hit)
You shoot an arrow. The arrow hits the mummy.
The mummy is lightly damaged.
Unknown command.
Fire: a) +0 shortbow
Press: ? - help, Q - select action, (/) - cycle Shift-Dir - straight line, f/p - mummy
Aim: a mummy (lightly damaged, 79% to hit)
You shoot an arrow.
The arrow hits the mummy but does no damage.
The mummy is lightly damaged.
The mummy hits you!!
Ouch! That really hurt!
You die...

#######
#.#.#.###########
...§§§..........##
..§.§............#
.Z.......∩.∩...M.#
.^^...........Z.@#
.......^........##
#.#.#.###########
#######


You could see a mummy and a centaur zombie.

Vanquished Creatures
  An iguana (D:4)
  Natasha (thrice) (D:3)
  2 mummies (Ossuary)
  3 adders
  A worm (D:2)
  4 dart slugs
  An orc (D:3)
  6 ball pythons
  8 endoplasms
  4 giant cockroaches
  6 goblins
  10 hobgoblins
  6 jackals
  2 quokkas
  4 bats
  9 frilled lizards
  A hobgoblin zombie (Ossuary)
  4 kobolds
  12 rats
87 creatures vanquished.

Notes
Turn   | Place    | Note
-------+----------+-------------------------------------------
     0 | D:1      | Zonian the Deep Elf Hunter began the quest for the Orb.
     0 | D:1      | Reached XP level 1. HP: 12/12 MP: 3/3
   102 | D:1      | Reached XP level 2. HP: 2/17 MP: 4/4
   621 | D:1      | Reached XP level 3. HP: 21/21 MP: 5/5
  1183 | D:2      | Reached XP level 4. HP: 25/26 MP: 6/6
  1192 | D:2      | Found a broken altar of Ashenzari.
  1222 | D:2      | Became a worshipper of Ashenzari the Shackled
  1273 | D:2      | Found a sacrificial altar of Ru.
  1550 | D:3      | Found a stormy altar of Qazlal.
  1550 | D:3      | Found an ancient bone altar of Kikubaaqudgha.
  1550 | D:3      | Found a broken altar of Ashenzari.
  1679 | D:3      | Noticed Natasha
  1687 | D:3      | Killed Natasha
  1688 | D:3      | Reached skill level 6 in Ranged Weapons
  1818 | D:3      | Noticed Ijyb
  1823 | D:3      | Gained mutation: Armour fits poorly on your strangely
                  | shaped body. [potion of mutation]
  2337 | D:3      | Noticed Natasha
  2344 | D:3      | Killed Natasha
  2440 | D:3      | Reached XP level 5. HP: 29/31 MP: 7/7
  2454 | D:3      | Noticed Natasha
  2468 | D:3      | Killed Natasha
  2983 | D:4      | Found a sand-covered staircase.
  3004 | Ossuary  | Entered an ossuary
  3030 | Ossuary  | Slain by a mummy

Illustrated notes

Levels and vault maps discovered:
D:1:      lightli_arrival_farm, layout_basic, serial_bayou_pond_a,
          chequers_serial_rivers_micro_e, hangedman_feature_mirror,
          minmay_tall_x
D:2:      layout_loops_ring, basic_altar, minmay_hexomino_r4
D:3:      layout_basic, grunt_temple_overflow_open, uniq_ijyb, uniq_natasha
D:4:      layout_rooms, pdpol_wu_jian_five_deadly_venoms,
          mainiacjoe_overflow_alcove_4, enter_ossuary_1
Ossuary:  ossuary_the_hunt_dpeg

Skill      XL: |  1  2  3  4  5 |
---------------+----------------+-----
Stealth        | 2 3 |  3.9
Fighting       | 2 |  2.9
Dodging        | 3 4 |  4.2
Ranged Weapons | 6 |  6.5

Action                     |  1- 3 |  4- 6 || total
---------------------------+-------+-------++-------
   Fire: Shortbow          |   131 |   107 ||   238
 Invoke: Curse Item        |       |     1 ||     1
  Evoke: Wand              |       |     1 ||     1
    Use: Scroll            |       |     6 ||     6
         Potion            |       |     3 ||     3
 Armour: Leather armour    |    13 |     6 ||    19
  Dodge: Dodged            |    37 |    20 ||    57

Table legend: (Time is in decaauts)
 A = Elapsed time spent in this place.
 B = Non-inter-level travel time spent in this place.
 C = Inter-level travel time spent in this place.
 D = Time resting spent in this place.
 E = Time spent auto-exploring this place.
 F = Levels seen in this place.
 G = Mean time per level.
                   A        B        C        D        E       F      G
               +--------+--------+--------+--------+--------+-----+--------+
         Total |   3075 |   3001 |     74 |    443 |   1769 |   5 |  615.0 |
       Dungeon |   3048 |   2974 |     74 |    443 |   1769 |   4 |  762.0 |
       Ossuary |     27 |     27 |      0 |      0 |      0 |   1 |   27.0 |
               +--------+--------+--------+--------+--------+-----+--------+

Top non-repeatable levels by time:
     D:3: 1333 daAuts
     D:1: 950 daAuts
     D:2: 704 daAuts
     D:4: 60 daAuts
 Ossuary: 27 daAuts
